 Dungeon Crawl Stone Soup version 0.31-a0-237-g2d982f9f85 (webtiles) character file.

Game seed: 328836838772329732

37 qw the Shooter (level 3, -1/29 HPs)
             Began as a Minotaur Hexslinger on July 10, 2023.
             Slain by a hobgoblin (3 damage)
             ... led by Robin
             ... on level 2 of the Dungeon.
             The game lasted 00:00:16 (419 turns).

qw the Shooter (Minotaur Hexslinger)                 Turns: 419, Time: 00:00:17

Health: -1/29      AC:  2    Str: 12    XL:     3   Next: 21%
Magic:  3/3        EV: 12    Int: 10    God:
Gold:   26         SH:  0    Dex: 14    Spells: 3/4 levels left

rFire   . . .        a - +1 sling
rCold   . . .        (no shield)
rNeg    . . .        c - +0 robe
rPois   .            (helmet restricted)
rElec   .            (no cloak)
rCorr   .            (no gloves)
SInv    .            (no boots)
Will    .....        (no amulet)
Stlth   +            (no ring)
HPRegen 0.24/turn    (no ring)
MPRegen 0.08/turn

%: no passive effects
@: no status effects
A: horns 2, retaliatory headbutt
a: no special abilities


You were on level 2 of the Dungeon.
You visited 1 branch of the dungeon, and saw 2 of its levels.

You collected 26 gold pieces.


Innate Abilities, Weirdness & Mutations

You have a pair of horns on your head.
You reflexively headbutt those who attack you in melee.


   Skills:
 - Level 2.0 Fighting
 + Level 3.8 Ranged Weapons
 - Level 2.1 Dodging
 - Level 1.0 Spellcasting
 - Level 2.0 Hexes


You had 3 spell levels left.
You knew the following spells:

 Your Spells              Type           Power      Damage    Failure   Level
a - Slow                  Hex            16%        N/A       16%         1

Your spell library contained the following spells:

 Spells                   Type           Power      Damage    Failure   Level
 Inner Flame              Hex/Fire       2%         N/A       56%         3
 Portal Projectile        Hex/Tloc       4%         N/A       56%         3
 Cause Fear               Hex            2%         N/A       83%         4

Inventory:

Hand Weapons
 a - a +1 sling (weapon)
Armour
 c - a +0 robe (worn)
 e - a +0 ring mail
Jewellery
 d - a ring of resist corrosion
Scrolls
 b - a scroll of poison
 g - a scroll of teleportation {unknown}
 i - a scroll of identify {unknown}
Potions
 f - a potion of curing {unknown}
 h - a potion of heal wounds {unknown}

Dungeon Overview and Level Annotations

Branches:
Dungeon (1/15)

Altars:

Shops:
D:2 [

Annotations:
D:2 Robin


Message History

The goblin hits you but does no damage.
You shoot a sling bullet. The sling bullet hits the goblin!
You kill the goblin!
Robin throws the goblin at you! The goblin hits you with a +0 club.
You shoot a sling bullet.
The sling bullet closely misses the goblin.
The goblin closely misses you. The hobgoblin hits you.
The goblin closely misses you. You furiously retaliate!
You headbutt the goblin.
You kill the goblin!
The goblin hits you but does no damage.
You shoot a sling bullet.
The sling bullet closely misses the goblin.
The hobgoblin barely misses you. You furiously retaliate!
You headbutt the hobgoblin. The goblin barely misses you.
The goblin closely misses you. You furiously retaliate!
You headbutt the goblin. The goblin hits you with a +0 dagger.
The goblin closely misses you. You furiously retaliate!
You headbutt the goblin.
You kill the goblin!
The goblin hits you with a +0 dagger. The goblin hits you but does no damage.
The hobgoblin barely misses you.
Robin roars a battlecry!
The goblins go into a battle-frenzy!
You shoot a sling bullet.
The sling bullet barely misses the goblin.
The hobgoblin closely misses you. You furiously retaliate!
You headbutt the hobgoblin. The goblin hits you with a +0 club.
The goblin misses you. The goblin barely misses you.
You shoot a sling bullet.
The sling bullet closely misses the goblin.
The goblin hits you but does no damage. The goblin hits you with a +0 club.
The goblin hits you with a +0 dagger of venom.
The goblin closely misses you.
You shoot a sling bullet. The sling bullet misses the goblin.
The hobgoblin hits you. The goblin hits you with a +0 dagger.
The goblin barely misses you. The goblin misses you.
The goblin hits you with a +0 club.
You shoot a sling bullet.
The sling bullet closely misses the goblin.
The hobgoblin closely misses you. The hobgoblin hits you.
You die...

....#.###
#.....###
\[.....
#.#...>.##
..)....
..#####..###
....... .##
##...###
##....... .
###...#
#.....$.. #
###.###S.g...."
#..##ggg.....
##..#@g......
##.ggg......
#.....##)......
#...#...
......# ....
#.###......#
... .. #..#...
.. .## .##... #
.. .# ## ..


You could see Robin, 3 hobgoblins, 4 goblins and a ball python.

Vanquished Creatures
  An adder (D:2)
  5 bats
  9 goblins
  3 hobgoblins
  4 frilled lizards
  A kobold (D:1)
  4 rats (D:1)
27 creatures vanquished.

Notes
Turn   | Place    | Note
-------+----------+-------------------------------------------
     0 | D:1      | qw the Minotaur Hexslinger began the quest for the Orb.
     0 | D:1      | Reached XP level 1. HP: 16/16 MP: 1/1
     0 | D:1      | 0 ||| qw: Version: 0.3-a-52-g30416fa
     0 | D:1      | 0 ||| qw: Game counter: 4957
     0 | D:1      | 0 ||| qw: Melee chars always use a shield: true
     0 | D:1      | 0 ||| qw: God list: Okawaru
     0 | D:1      | 0 ||| qw: Allow faded altars: false
     0 | D:1      | 0 ||| qw: Do Orc after clearing Dungeon:15 true
     0 | D:1      | 0 ||| qw: Do second Lair branch before Depths: true
     0 | D:1      | 0 ||| qw: Lair rune preference: random
     0 | D:1      | 0 ||| qw: Goals: Normal
     0 | D:1      | 0 ||| PLANNING D:1-11
   161 | D:1      | Reached skill level 3 in Ranged Weapons
   165 | D:1      | Reached XP level 2. HP: 23/23 MP: 2/2
   282 | D:1      | You fall into a shaft and drop 1 floor!
   320 | D:2      | Reached XP level 3. HP: 13/29 MP: 3/3
   406 | D:2      | Found Wen Firo's Antique Armour Shoppe.
   411 | D:2      | Noticed Robin
   417 | D:2      | HP: 7/29 [goblin/+0 dagger of venom[Robin] (6)]
   418 | D:2      | HP: 1/29 [goblin/+0 club (3)]
   419 | D:2      | Slain by a hobgoblin

Levels and vault maps discovered:
D:1:      matt_arrival_refuge, layout_rooms, minmay_tetromino_l2
D:2:      layout_rooms, serial_shops, shop, uniq_robin

Skill      XL: |  1  2 |
---------------+-------+-----
Ranged Weapons | 3 |  3.8
Fighting       | 2 |  2.0
Dodging        | |  2.1
Spellcasting   | |  1.0
Hexes          | |  2.0

Action                     || total
---------------------------++-------
   Fire: Sling             ||    79
 Armour: Robe              ||    16
  Dodge: Dodged            ||    31

Table legend:
 A = Non-vault XP
 B = Vault XP
 C = Vault XP percentage of total XP
 D = Non-vault monster count
 E = Vault monster count
 F = Vault count percentage of total count
                 A         B        C        D         E       F
            +---------+---------+-------+---------+---------+-------
      Total |      46 |       7 |  13.2 |      23 |       4 |  14.8
            +---------+---------+-------+---------+---------+-------
        D:1 |      24 |       0 |   0.0 |      16 |       0 |   0.0
        D:2 |      22 |       7 |  24.1 |       7 |       4 |  36.4
            +---------+---------+-------+---------+---------+-------
